 Dungeon Crawl Stone Soup version 0.29-a0-23-ga79f92ac9c (webtiles) character file.

Game seed: 11411196069578176168

227 horus123 the Skirmisher (level 6, -1/84 HPs)
             Began as a Hill Orc Monk on Jan 30, 2022.
             Was an Initiate of Yredelemnul.
             Slain by a gnoll (3 damage)
             ... on level 4 of the Dungeon.
             The game lasted 00:05:45 (3271 turns).

horus123 the Skirmisher (Hill Orc Monk)             Turns: 3271, Time: 00:05:46

Health: -1/84      AC: 23    Str: 14    XL:     6   Next: 2%
Magic:  6/6        EV:  2    Int: 10    God:    Yredelemnul [......]
Gold:   157        SH:  0    Dex: 15    Spells: 5/5 levels left

rFire   . . .      SeeInvis .   d - +6 club
rCold   . . .      Faith    .   (no shield)
rNeg    . . .      Spirit   .   (armour currently unavailable)
rPois   +          Reflect  .   (helmet currently unavailable)
rElec   .          Harm     .   (cloak currently unavailable)
rCorr   .          Rampage  .   (gloves currently unavailable)
Will    .....      NoTele   +   (boots currently unavailable)
Stlth   ++........              (no amulet)
HPRegen 0.24/turn               (no ring)
MPRegen 0.10/turn               (no ring)

@: brilliant, tree-form, attractive, hasted, very quick
A: stationary, stasis, torment immunity, boosted hp, (claws 1)
a: Renounce Religion, Recall Undead Harvest


You were on level 4 of the Dungeon.
You worshipped Yredelemnul.
Yredelemnul was noncommittal.
You were a tree.
You visited 2 branches of the dungeon, and saw 5 of its levels.

You collected 157 gold pieces.

Inventory:

Hand Weapons
 a - a +0 hand axe
 d - a +6 club (weapon)
 i - a +0 flail
Armour
 b - a +0 robe
 f - a +1 cloak (melded)
 g - a +0 chain mail (melded)
 n - a +2 robe of resistance
Wands
 r - a wand of charming (1)
Scrolls
 e - a scroll of fog
 j - a scroll of blinking
 k - 2 scrolls of fear
 p - a scroll of enchant weapon {unknown}
Potions
 c - 2 potions of berserk rage
 m - a potion of haste


   Skills:
 - Level 5.0 Fighting
 - Level 4.0(5.4) Axes
 + Level 4.5(5.1) Maces & Flails
 - Level 3.1 Dodging
 - Level 1.5 Stealth


You had 5 spell levels left.
You didn't know any spells.
Your spell library contained the following spells:

 Spells                   Type           Power      Damage    Failure   Level
 Beastly Appendage        Tmut           0%         N/A       36%         1
 Wereblood                Tmut           0%         N/A       50%         2
 Ozocubu's Armour         Ice            0%         N/A       75%         3
 Spider Form              Tmut/Pois      0%         N/A       75%         3
 Metabolic Englaciation   Hex/Ice        0%         N/A       100%        5
 Simulacrum               Ice/Necr       0%         N/A       100%        6


Dungeon Overview and Level Annotations

Branches:
Dungeon (4/15)             Temple (1/1) D:4

Altars:
Dithmenos
Trog
Yredelemnul


Innate Abilities, Weirdness & Mutations

You are a tree.
Your roots penetrate the ground, keeping you stationary.
You cannot be teleported.
You are immune to unholy pain and torment.
Your maximum health is greatly increased.
Your equipment is partially melded.
((You have sharp fingernails.))


Message History

The gnoll hits you from afar with a +0 spear.
* * * LOW HITPOINT WARNING * * *
The gnoll hits you but does no damage.
Your gnoll zombie hits the gnoll sergeant but does no damage.
The gnoll hits you but does no damage.
Your gnoll zombie completely misses the gnoll sergeant.
The gnoll hits you but does no damage. The gnoll hits you but does no damage.
Your gnoll zombie hits the gnoll sergeant.
The gnoll hits you but does no damage.
Your gnoll zombie hits the gnoll sergeant but does no damage.
You hear the hiss of an avalanche of sand very nearby.
The gnoll hits you but does no damage.
Your gnoll zombie hits the gnoll sergeant but does no damage.
The gnoll hits you but does no damage.
Your gnoll zombie hits the gnoll sergeant but does no damage.
The gnoll hits you but does no damage.
Your gnoll zombie hits the gnoll sergeant but does no damage.
The gnoll hits you but does no damage. The gnoll hits you but does no damage.
Your gnoll zombie hits the gnoll sergeant but does no damage.
The gnoll hits you but does no damage.
Your gnoll zombie hits the gnoll sergeant but does no damage.
The gnoll hits you from afar with a +0 spear.
* * * LOW HITPOINT WARNING * * *
Your gnoll zombie closely misses the gnoll sergeant.
The gnoll hits you but does no damage.
Your gnoll zombie hits the gnoll sergeant but does no damage.
The gnoll hits you but does no damage.
The gnoll sergeant hits your gnoll zombie with a +0 trident!
It was a potion of flight.
Your roots keep you in place.
It was a potion of brilliance.
You feel clever all of a sudden. The gnoll hits you but does no damage.
Your gnoll zombie closely misses the gnoll sergeant.
It was a potion of attraction.
You feel attractive to monsters.
The gnoll hits you from afar with a +0 spear.
You die...
Your body rises from the dead as a mindless zombie.

# .#
###############..#
#........Zgg.♣...#
#.###...########.#
#.# #......# #)#
#....#.# ####.#
#....#.# #..g.#
#....#.#
#)######....#.#
#..gZ.##....#.#
#####.##....#..


You could see a gnoll sergeant (ally target), a gnoll and a friendly gnoll
zombie.

Vanquished Creatures
  A howler monkey (D:4)
  A hound (D:4)
  Jessica (D:3)
  Natasha (D:2)
  Terence (D:2)
  2 gnolls (D:4)
  An adder (D:2)
  A worm (D:2)
  2 dart slugs
  4 endoplasms
  A giant cockroach (D:2)
  3 hobgoblins
  4 jackals (D:2)
  5 kobolds
  7 quokkas
  2 ball pythons
  4 bats
  4 frilled lizards
  7 goblins
  8 rats
60 creatures vanquished.

Vanquished Creatures (others)
  A howler monkey zombie (D:4)
  A goblin zombie (D:4)
2 creatures vanquished.

Grand Total: 62 creatures vanquished

Notes
Turn   | Place    | Note
-------+----------+-------------------------------------------
     0 | D:1      | horus123 the Hill Orc Monk began the quest for the Orb.
     0 | D:1      | Reached XP level 1. HP: 19/19 MP: 1/1
   191 | D:1      | Found a faded altar of an unknown god.
   270 | D:1      | Reached skill level 4 in Fighting
   337 | D:1      | Reached XP level 2. HP: 21/27 MP: 2/2
  1283 | D:2      | Reached XP level 3. HP: 33/33 MP: 3/3
  1359 | D:2      | Noticed Terence
  1372 | D:2      | Killed Terence
  1496 | D:2      | Reached skill level 5 in Fighting
  1499 | D:2      | Reached XP level 4. HP: 37/42 MP: 4/4
  2011 | D:2      | Noticed Natasha
  2017 | D:2      | Killed Natasha
  2018 | D:2      | Reached skill level 1 in Maces & Flails
  2475 | D:3      | Noticed Jessica
  2481 | D:3      | Killed Jessica
  2482 | D:3      | Reached XP level 5. HP: 26/48 MP: 5/5
  2998 | D:4      | Found a staircase to the Ecumenical Temple.
  3010 | Temple   | Entered the Ecumenical Temple
  3041 | Temple   | Became a worshipper of Yredelemnul the Dark
  3041 | Temple   | Reached * piety under Yredelemnul
  3041 | Temple   | Reached ** piety under Yredelemnul
  3215 | D:4      | Reached XP level 6. HP: 19/56 MP: 6/6
  3241 | D:4      | Gained mutation: You have sharp fingernails. [potion of
                  | mutation]
  3247 | D:4      | HP: 1/84 [gnoll (4)]
  3265 | D:4      | HP: 1/84 [gnoll (3)]
  3271 | D:4      | Slain by a gnoll

Illustrated notes

Levels and vault maps discovered:
D:1:      dpeg_arrival_arbitrary_b, layout_loops_corners,
          dreamdust_ecumenical_altar_statues, minmay_tall_x
D:2:      layout_basic, uniq_terence, uniq_natasha
D:3:      layout_loops_ring, uniq_jessica
D:4:      layout_basic, minmay_temple_entry_mini_moons,
          nicolae_ossuary_entry_giza, hangedman_decor_lopped
Temple:   mainiacjoe_temple_hex_bubbles

Skill      XL: |  1  2  3  4  5 |
---------------+----------------+-----
Fighting       | 4 5 |  5.0
Dodging        | 3 |  3.1
Maces & Flails | 3 4 |  4.5
Axes           | |  4.0
Stealth        | |  1.5

Action                   |  1- 3 |  4- 6 || total
-------------------------+-------+-------++-------
Melee: Hand axe          |    94 |       ||    94
       Punch             |     2 |     2 ||     4
       Flail             |       |    57 ||    57
       Club              |       |    36 ||    36
  Use: Scroll            |     2 |     4 ||     6
       Potion            |     1 |     6 ||     7
 Stab: Sleeping          |     3 |       ||     3
Armor: Robe              |    21 |       ||    21
       Chain mail        |    14 |    80 ||    94
       Skin              |       |    16 ||    16
Dodge: Dodged            |    47 |    44 ||    91

Table legend: (Time is in decaauts)
 A = Elapsed time spent in this place.
 B = Non-inter-level travel time spent in this place.
 C = Inter-level travel time spent in this place.
 D = Time resting spent in this place.
 E = Time spent auto-exploring this place.
 F = Levels seen in this place.
 G = Mean time per level.
                   A        B        C        D        E       F      G
               +--------+--------+--------+--------+--------+-----+--------+
         Total |   3298 |   3216 |     82 |    289 |   2358 |   5 |  659.6 |
       Dungeon |   3257 |   3184 |     73 |    289 |   2341 |   4 |  814.2 |
        Temple |     40 |     31 |      9 |      0 |     17 |   1 |   40.0 |
               +--------+--------+--------+--------+--------+-----+--------+

Top non-repeatable levels by time:
     D:2: 1175 daAuts
     D:1: 1059 daAuts
     D:3: 749 daAuts
     D:4: 272 daAuts
  Temple: 40 daAuts
